 Dungeon Crawl Stone Soup version 0.28.0-53-g5a82cb258f (webtiles) character file.

Game seed: 639378302714747805

72 Holzbalken the Chopper (level 4, -4/33 HPs)
             Began as a Demonspawn Gladiator on May 26, 2022.
             Slain by Ijyb
             ... wielding a +5 dagger of speed
              (5 damage)
             ... on level 3 of the Dungeon.
             The game lasted 00:03:57 (2464 turns).

Holzbalken the Chopper (Demonspawn Gladiator)       Turns: 2464, Time: 00:03:57

Health: -4/33      AC:  5    Str: 22    XL:     4   Next: 6%
Magic:  4/4        EV: 12    Int:  9    God:
Gold:   161        SH:  0    Dex: 15    Spells: 3/3 levels left

rFire   . . .      SeeInvis .   a - +0 war axe
rCold   . . .      Faith    .   (no shield)
rNeg    . . .      Spirit   .   b - +0 leather armour
rPois   .          Reflect  .   c - +0 helmet
rElec   .          Harm     .   (no cloak)
rCorr   .          Rampage  .   (no gloves)
Will    .....                   (no boots)
Stlth   +.........              (no amulet)
HPRegen 0.11/turn               g - +6 ring of strength
MPRegen 0.09/turn               (no ring)

@: mighty
A: sharp scales 1
a: no special abilities


You were on level 3 of the Dungeon.
You visited 1 branch of the dungeon, and saw 3 of its levels.

You collected 161 gold pieces.

Inventory:

Hand Weapons
 a - a +0 war axe (weapon)
 m - the +9 whip of Porue {venom, Fly Int-5 Dex-3 Stlth+}
   (You found it on level 3 of the Dungeon)

   It poisons the flesh of those it strikes.
   Int:       It affects your intelligence (-5).
   Dex:       It affects your dexterity (-3).
   Fly:       It grants you flight.
   Stlth:     It makes you more stealthy.
Missiles
 d - 4 throwing nets (quivered)
Armour
 b - a +0 leather armour (worn)
 c - a +0 helmet (worn)
Jewellery
 g - a +6 ring of strength (left hand)
Scrolls
 j - a scroll of magic mapping {unknown}
 k - a scroll of teleportation {unknown}
 n - a scroll of identify {unknown}
 o - a scroll of enchant weapon {unknown}
 q - a scroll of noise {unknown}
Potions
 e - a potion of attraction {unknown}
 f - a potion of resistance {unknown}
 h - a potion of curing {unknown}
 l - a potion of heal wounds {unknown}
 p - a potion of flight {unknown}


   Skills:
 - Level 2.0 Fighting
 + Level 4.5 Axes
 - Level 1.7 Throwing
 - Level 2.6 Dodging


You had 3 spell levels left.
You didn't know any spells.
Your spell library contained the following spells:

 Spells                   Type           Power      Damage    Failure   Level
 Freezing Cloud           Conj/Ice/Air   0%         6-21      100%        5
 Simulacrum               Ice/Necr       0%         N/A       100%        6
 Polar Vortex             Ice            0%         N/A       100%        9


Dungeon Overview and Level Annotations

Branches:
Dungeon (3/15)

Altars:

Annotations:
D:3 Ijyb


Innate Abilities, Weirdness & Mutations

You are partially covered in razor-sharp scales. (AC +1, Slay +1)


Message History

Found 25 stones.
Ijyb the Twisted Goblin comes into view.
She is wielding a +5 dagger of speed and carrying a wand of paralysis (2).
Found a stone staircase leading down.
Ijyb shouts!
You slash Ijyb!
Ijyb is moderately wounded.
Ijyb closely misses you.
Ijyb screams, "Level is mine!
All mine!"
Ijyb zaps a wand.
You suddenly lose the ability to move!
Ijyb hits you with a +5 dagger of speed!
Ijyb hits you with a +5 dagger of speed.
You can move again.
You hit Ijyb but do no damage.
Ijyb is moderately wounded.
Ijyb hits you with a +5 dagger of speed.
Ijyb zaps a wand.
You shrug off the repeated paralysis!
The now-empty wand crumbles to dust.
You hit Ijyb.
Ijyb is heavily wounded.
Ijyb hits you with a +5 dagger of speed.
You closely miss Ijyb.
Ijyb is heavily wounded.
Ijyb hits you but does no damage. Ijyb screams, "Me kill you!"
Ijyb hits you with a +5 dagger of speed!
* * * LOW HITPOINT WARNING * * *
You barely miss Ijyb.
Ijyb is heavily wounded.
Ijyb hits you with a +5 dagger of speed.
* * * LOW HITPOINT WARNING * * *
Ijyb closely misses you.
It was a potion of might.
You feel very mighty all of a sudden. Ijyb closely misses you.
Ijyb screams, "I no like you!" Ijyb barely misses you.
You closely miss Ijyb.
Ijyb is heavily wounded.
Ijyb hits you with a +5 dagger of speed.
You die...

#.....# .#######.#
###.....## ..........
.......... .......#.#
#####..(.. .......#.#
#..... .......#.# #.....
.(.....#.# ####.#
.....(g#.### #.#
....<..@...### #.#
>............## #.#
..............# ######'#
#####.........###.......
..............+.......
#######......##.......
#....#'#####<...
#..........###..
#..........# #..


You could see Ijyb.

Vanquished Creatures
  An adder (D:2)
  A worm (D:2)
  A dart slug (D:1)
  6 orcs (D:3)
  6 bats
  4 endoplasms
  3 giant cockroaches
  5 goblins
  3 hobgoblins (D:1)
  A quokka (D:2)
  4 ball pythons
  3 frilled lizards (D:1)
  6 kobolds
  5 rats
49 creatures vanquished.

Notes
Turn   | Place    | Note
-------+----------+-------------------------------------------
     0 | D:1      | Holzbalken the Demonspawn Gladiator began the quest for the
                  | Orb.
     0 | D:1      | Reached XP level 1. HP: 16/16 MP: 1/1
   267 | D:1      | Found a faded altar of an unknown god.
   275 | D:1      | Reached skill level 3 in Axes
   279 | D:1      | Gained mutation: You are partially covered in razor-sharp
                  | scales. (AC +1, Slay +1) [demonic ancestry]
   279 | D:1      | Reached XP level 2. HP: 16/22 MP: 2/2
   970 | D:1      | Reached XP level 3. HP: 27/27 MP: 3/3
  1233 | D:2      | Reached skill level 4 in Axes
  2008 | D:3      | Identified the +9 whip of Porue {venom, Fly Int-5 Dex-3
                  | Stlth+}
  2109 | D:3      | Reached XP level 4. HP: 9/33 MP: 4/4
  2455 | D:3      | Noticed Ijyb
  2456 | D:3      | Paralysed by Ijyb for 3 turns
  2462 | D:3      | HP: 1/33 [Ijyb/+5 dagger of speed (3)]
  2464 | D:3      | Slain by Ijyb

Illustrated notes

Levels and vault maps discovered:
D:1:      saegor_arrival_fortress, layout_loops_ring,
          ebering_ecumenical_altar_sacrificial
D:2:      layout_loops_ring
D:3:      layout_basic, uniq_ijyb

Skill      XL: |  1  2  3 |
---------------+----------+-----
Axes           | 3 4 |  4.5
Fighting       | |  2.0
Throwing       | |  1.7
Dodging        | |  2.6

Action                   |  1- 3 |  4- 6 || total
-------------------------+-------+-------++-------
Melee: War axe           |    91 |    13 ||   104
  Use: Potion            |       |     1 ||     1
 Stab: Sleeping          |     1 |       ||     1
Armor: Leather armour    |    28 |     5 ||    33
Dodge: Dodged            |    63 |     7 ||    70
